Map: Arctic Dream LE

Players

Massa

  • Race: Terran Terran
  • League: Platinum
  • Spawn Location: 6:00

qqq

  • Race: Zerg Zerg
  • Spawn Location: 5:00

ZERG - Winner!

  • Race: Protoss Protoss
  • League: Diamond
  • Spawn Location: 12:00

WhoAmI - Winner!

  • Race: Zerg Zerg
  • League: Diamond
  • Spawn Location: 11:00

VOD

Have the link to the VOD?

Description

Time

  • Played on: March 6, 2021, 9:31 a.m.
  • Length: 10:00
Show
View Real Time Build Order
Export as new Build Order

Massa Terran 

Build Orders:  

Get SALT Encoding   

  12  0:00  SCV  
  13  0:12  SCV  
  14  0:17  Supply Depot  
  14  0:24  SCV  
  15  0:38  SCV  
  15  0:40  Barracks  
  16  0:50  SCV  
  16  0:51  Refinery  
  17  1:03  SCV  
  18  1:13  Supply Depot  
  18  1:15  SCV  
  19  1:27  SCV  
  20  1:37  Marine  
  21  1:51  Orbital Command  
  21  1:55  Marine  
  22  2:13  Marine  
  22  2:31  SCV, Marine  
  22  2:34  Barracks  
  22  2:37  Barracks  
  22  2:43  SCV  
  18  2:55  SCV  
  15  3:07  SCV  
  16  3:17  Marine  
  12  3:20  SCV  
  2  4:34  Reaper x3  
  2  4:36  Orbital Command  
  3  5:02  SCV  
  4  5:14  SCV  
  5  5:26  SCV  
  6  5:32  Marine  
  6  5:33  Marine x2  
  9  5:38  SCV  
  9  6:14  SCV  
  9  6:15  Marine  
  9  6:16  Marine x2  
  12  6:26  SCV  
  13  6:39  SCV  
  13  6:41  Factory  
  13  6:42  Refinery  
  13  6:44  Refinery  
  13  6:49  Marine x2  
  15  7:00  Supply Depot  
  15  7:21  Marine  
  15  7:22  SCV  
  17  7:30  Factory Tech Lab  
  17  7:34  SCV  
  18  7:46  SCV  
  18  7:48  Supply Depot  
  19  7:56  Widow Mine  
  19  7:58  SCV  
  22  8:10  SCV  
  23  8:13  Bunker  
  23  8:22  Widow Mine  
  23  8:23  SCV  
  26  8:35  SCV  
  27  8:47  SCV  
  28  8:50  Widow Mine  
  30  8:59  SCV  
  31  9:20  Supply Depot  
  31  9:21  Supply Depot  
  31  9:35  Command Center  
  31  9:42  SCV  
Show
View Real Time Build Order
Export as new Build Order

qqq Zerg 

Build Orders: Hatch First 

Get SALT Encoding   

  12  0:01  Drone  
  13  0:08  Drone  
  14  0:17  Overlord  
  14  0:43  Hatchery  
  13  0:52  Drone x2  
  13  0:55  Drone  
  16  1:17  Spawning Pool  
  15  1:18  Extractor  
  15  1:21  Drone  
  15  1:24  Drone  
  16  1:34  Drone  
  16  1:38  Drone  
  18  2:03  Drone  
  18  2:05  Zergling x4  
  18  2:06  Queen  
  23  2:09  Queen  
  23  2:14  Zergling x2  
  26  2:19  Metabolic Boost  
  26  2:27  Overlord  
  26  2:33  Zergling x2  
  26  2:36  Zergling x2  
  28  2:44  Overlord  
  28  2:45  Zergling x2  
  28  2:48  Zergling x2  
  29  2:59  Zergling x6  
  30  3:16  Zergling x6  
  30  3:17  Baneling Nest  
  31  3:20  Zergling x2  
  31  3:23  Zergling x2  
  33  3:29  Zergling x2  
  33  3:33  Zergling x2  
  35  3:39  Spine Crawler  
  34  3:46  Zergling x2  
  34  3:47  Zergling x2  
  36  3:56  Zergling x4  
  37  4:03  Zergling x2  
  37  4:04  Zergling x2  
  32  4:11  Zergling x4  
  33  4:25  Queen  
  35  4:32  Baneling x2  
  35  4:33  Baneling x2  
  35  4:35  Zergling x2  
  36  4:45  Zergling x4  
  34  5:06  Zergling x10  
  37  5:11  Baneling  
  35  5:16  Zergling x2  
  30  5:29  Zergling x8  
  30  5:32  Baneling x2  
  33  5:54  Baneling x3  
  33  5:55  Baneling, Zergling x6  
  33  5:56  Zergling x2  
  36  6:18  Zergling x10  
  36  6:22  Baneling x3  
  36  6:32  Zergling x4  
  36  6:43  Baneling x3  
  36  6:44  Baneling x3  
  36  6:47  Zergling x2  
  36  6:53  Drone  
  35  7:13  Zergling x8  
  35  7:14  Zergling x2  
  33  7:35  Baneling x2  
  29  7:37  Zergling x10  
  29  7:38  Zergling x2  
  29  7:39  Baneling  
  29  7:42  Drone  
  34  7:59  Baneling x4  
  34  8:01  Zergling x2  
  34  8:02  Zergling x4  
  36  8:11  Lair  
  36  8:27  Drone, Zergling x8  
  36  8:31  Drone  
  41  8:42  Evolution Chamber  
  40  8:53  Drone x2, Zergling x4  
  43  9:13  Zergling x2  
  43  9:14  Overlord x2  
  43  9:15  Overlord  
  44  9:19  Extractor  
  43  9:28  Spire  
  42  9:32  Drone  
  42  9:33  Drone  
  42  9:38  Drone  
Show
View Real Time Build Order
Export as new Build Order

ZERG Protoss - Winner!

Build Orders:  

Get SALT Encoding   

  12  0:00  Probe  
  13  0:13  Pylon  
  13  0:16  Probe  
  14  0:29  Probe  
  14  0:35  Gateway  
  15  0:41  Probe  
  16  0:45  Assimilator  
  16  0:52  Forge  
  16  1:00  Probe  
  17  1:12  Probe  
  17  1:15  Pylon  
  18  1:24  Probe  
  19  1:27  Pylon  
  19  1:36  Probe  
  19  1:38  Photon Cannon  
  20  1:40  Gateway  
  20  1:43  Pylon  
  20  1:55  Photon Cannon  
  19  2:30  Pylon  
  19  2:45  Assimilator  
  19  2:51  Photon Cannon  
  19  2:59  Photon Cannon  
  19  3:04  Photon Cannon  
  19  3:06  Pylon  
  19  3:12  Photon Cannon  
  19  3:15  Photon Cannon  
  19  3:16  Cybernetics Core  
  19  3:17  Probe  
  19  3:19  Assimilator  
  20  3:23  Assimilator  
  20  3:25  Photon Cannon  
  20  3:29  Probe  
  21  3:34  Photon Cannon  
  21  3:41  Probe, Photon Cannon  
  22  3:58  Photon Cannon  
  22  4:11  Gateway  
  22  4:17  Pylon  
  22  4:22  Probe, Shield Battery  
  23  4:33  Pylon  
  23  4:34  Probe  
  23  4:38  Warp Gate  
  24  5:00  Pylon  
  24  5:11  Zealot  
  26  5:17  Photon Cannon  
  26  5:18  Photon Cannon  
  26  5:19  Shield Battery  
  26  5:26  Probe  
  27  5:38  Probe, Nexus  
  27  5:54  Stalker (Chrono Boost)  
  27  6:31  Probe  
  28  6:43  Probe, Stargate  
  28  6:44  Stargate  
  29  6:55  Probe  
  29  6:59  Zealot x2  
  34  7:07  Probe  
  35  7:22  Zealot x2  
  37  7:32  Void Ray x2  
  37  7:41  Probe  
  37  7:42  Probe  
  47  7:53  Probe  
  49  8:05  Probe  
  49  8:07  Probe  
  49  8:09  Void Ray  
  49  8:10  Void Ray  
  49  8:12  Assimilator  
  50  8:17  Probe  
  60  8:20  Probe  
  60  8:29  Probe  
  60  8:30  Photon Cannon  
  60  8:32  Probe, Photon Cannon  
  60  8:33  Shield Battery  
  62  8:46  Void Ray (Chrono Boost)  
  62  8:47  Void Ray (Chrono Boost)  
  70  9:14  Probe x2  
  72  9:26  Probe  
  81  9:37  Nexus  
Show
View Real Time Build Order
Export as new Build Order

WhoAmI Zerg - Winner!

Build Orders: Pool First 

Get SALT Encoding   

  12  0:00  Drone  
  13  0:22  Spawning Pool  
  13  0:25  Drone  
  13  0:30  Drone  
  13  0:35  Extractor  
  13  0:40  Overlord  
  13  0:45  Drone  
  14  1:00  Drone x2  
  17  1:11  Zergling x2  
  17  1:18  Queen  
  17  1:20  Zergling x2  
  20  1:30  Zergling x2  
  21  1:39  Metabolic Boost  
  21  1:47  Zergling x2  
  21  1:52  Overlord  
  22  2:16  Zergling x2  
  22  2:17  Zergling x2  
  24  2:28  Zergling x8  
  26  2:56  Zergling x4  
  27  3:12  Zergling x4  
  29  3:13  Overlord  
  29  3:14  Overlord  
  29  3:37  Hatchery  
  28  3:46  Zergling x8  
  32  3:52  Zergling x2  
  30  4:10  Zergling x2  
  30  4:16  Zergling x2  
  29  4:26  Zergling x2  
  25  4:48  Spine Crawler, Zergling x4  
  25  4:49  Spine Crawler, Zergling x6  
  20  5:19  Zergling x2  
  20  5:20  Zergling x10  
  21  5:32  Queen  
  21  5:35  Zergling x8  
  27  5:52  Zergling x10  
  31  6:04  Zergling x6  
  33  6:38  Zergling x10  
  33  6:39  Zergling x2  
  35  6:55  Zergling x10  
  35  6:56  Zergling x4  
  35  7:00  Extractor  
  41  7:38  Drone x5  
  41  7:42  Roach Warren  
  41  7:44  Drone x5  
  47  8:06  Overlord  
  47  8:07  Overlord x2  
  47  8:26  Roach x7  
  61  8:36  Drone  
  62  8:54  Roach x2  
  62  8:55  Roach  
  64  9:10  Roach x2  
  64  9:11  Roach x4  
  64  9:12  Overlord x2  
  76  9:22  Overlord x2  
  76  9:33  Zergling x10  
  81  9:59  Ravager  
Tags
 
Add a new tag
Caveats
  • Supply blocks, unpowered buildings, or Contaminate may cause inaccurate times.
  • Supply counts are checked every 10 seconds.